 Dungeon Crawl Stone Soup version 0.32-a0-666-ge8a88695a4 (webtiles) character file.

Game seed: 15243359830660235634

56 ezpacito the Chopper (level 3, -1/29 HPs)
             Began as a Coglin Chaos Knight on Mar 10, 2024.
             Was a Plaything of Xom.
             Slain by a gnoll
             ... wielding a +0 halberd
              (5 damage)
             ... on level 2 of the Dungeon.
             The game lasted 00:01:17 (1091 turns).

ezpacito the Chopper (Coglin Chaos Knight)          Turns: 1091, Time: 00:01:17

Health: -1/29      AC:  5    Str: 14    XL:     3   Next: 95%
Magic:  3/3        EV: 11    Int: 11    God:    Xom [..*...]
Gold:   56         SH:  0    Dex: 13    Spells: 2/2 levels left

rFire   + . .        a - +0 hand axe (chaos) {Araceli}
rCold   + . .        d - +0 dagger {Xue}
rNeg    . . .        b - +2 leather armour
rPois   +            (no helmet)
rElec   +            (no cloak)
rCorr   +            (no gloves)
SInv    .            (no boots)
Will    .....        (amulet unavailable)
Stlth   +            (ring unavailable)
HPRegen 0.24/turn    (ring unavailable)
MPRegen 0.08/turn    (no gizmo)

%: no passive effects
@: resistant
A: off-hand wielding, slow wielding, warmup strikes, no jewellery
a: Invent Gizmo, Renounce Religion


You were on level 2 of the Dungeon.
You worshipped Xom.
You were a toy of Xom.
You visited 1 branch of the dungeon, and saw 2 of its levels.

You collected 56 gold pieces.

Inventory:

Hand Weapons
 a - a +0 hand axe of chaos (weapon) {Araceli}
 d - a +0 dagger (offhand) {Xue}
 f - a +0 spear
Armour
 b - a +2 leather armour (worn)
Scrolls
 c - a scroll of butterflies
 g - a scroll of fear {unknown}
 j - a scroll of enchant weapon {unknown}
 k - 2 scrolls of identify {unknown}
 l - a scroll of vulnerability {unknown}


   Skills:
 * Level 3.3 Fighting
 * Level 3.4 Axes
 + Level 0.4(2.0) Polearms
 * Level 2.2 Armour
 * Level 1.4 Dodging
 + Level 0.6 Stealth
 + Level 0.4 Spellcasting


You had 2 spell levels left.
You didn't know any spells.
Your spell library contained the following spells:

 Spells                   Type           Power      Damage    Failure   Level
 Dazzling Flash           Conj/Hex       0%         N/A       77%         3
 Volatile Blastmotes      Fire/Tloc      0%         2d10      77%         3
 Starburst                Conj/Fire      0%         6d3       100%        6
 Maxwell's Capacitive Co  Air            0%         ∞         100%        8


Dungeon Overview and Level Annotations

Branches:
Dungeon (2/15)

Altars:

Shops:
D:1 =

Annotations:
D:2 Robin


Innate Abilities, Weirdness & Mutations

You can wield a second weapon in your off-hand.
It takes a long time for you to wield or remove held weapons.
Your first few attacks do less damage.
You cannot equip rings or amulets.


Message History

You swing at nothing.
The gnoll hits you from afar with a +0 halberd.
You take 2 damage, and have 34/43 hp.
You cannot move.
You swing at nothing.
Xom's attention almost turns to you for a moment.
Your scroll labelled JAOFUBB GYNO falls out of your pack, then immediately jumps back in!
The gnoll hits you but does no damage.
You swing at nothing.
The gnoll hits you but does no damage. x2
You swing at nothing.
The gnoll hits you from afar with a +0 halberd!
You take 8 damage, and have 27/43 hp.
You swing at nothing.
The gnoll hits you but does no damage.
You swing at nothing.
The gnoll hits you from afar with a +0 halberd.
You take 1 damage, and have 26/43 hp.
You swing at nothing.
The gnoll hits you but does no damage.
You swing at nothing.
The gnoll hits you from afar with a +0 halberd!
You take 9 damage, and have 17/43 hp.
MASSIVE DAMAGE!!
You swing at nothing.
The gnoll hits you but does no damage.
You swing at nothing.
Your transformation is almost over.
The gnoll hits you but does no damage.
You cannot move.
You swing at nothing.
The gnoll hits you but does no damage.
You swing at nothing.
The gnoll hits you but does no damage.
You swing at nothing.
The gnoll hits you but does no damage.
You swing at nothing.
The gnoll hits you from afar with a +0 halberd.
You take 3 damage, and have 16/43 hp.
You swing at nothing.
The gnoll hits you but does no damage.
You swing at nothing.
The gnoll hits you but does no damage.
You swing at nothing.
You feel less wooden.
Your +2 leather armour unmelds from your body.
The gnoll hits you from afar with a +0 halberd!
* * * LOW HITPOINT WARNING * * *
The gnoll hits you from afar with a +0 halberd.
You die...

# ##. #... .....
##..gg#######
....gggg)@..#
##########
###########.#
#......... #.#
#.....#### #.#
#...### #
#.#...#..#######
#.#...#..##[....
#.#...#.###....#
#.#...#.# #....#
#.#...#.# #...##


You could see a gnoll, a hobgoblin and 4 goblins.

Vanquished Creatures
  2 gnolls (D:2)
  A dart slug (D:1)
  3 ball pythons
  A giant cockroach (D:2)
  7 goblins
  4 hobgoblins
  A jackal (D:2)
  4 bats
  5 frilled lizards
  2 kobolds (D:1)
  3 rats
33 creatures vanquished.

Notes
Turn   | Place    | Note
-------+----------+-------------------------------------------
     0 | D:1      | ezpacito the Coglin Chaos Knight began the quest for the
                  | Orb.
     0 | D:1      | Reached XP level 1. HP: 18/18 MP: 1/1
    39 | D:1      | Found Besam's Jewellery Boutique.
   192 | D:1      | Reached skill level 1 in Dodging
   239 | D:1      | Reached XP level 2. HP: 22/24 MP: 2/2
   921 | D:2      | Reached XP level 3. HP: 26/29 MP: 3/3
  1042 | D:2      | Noticed Robin
  1076 | D:2      | XOM: silly message
  1091 | D:2      | Slain by a gnoll

Illustrated notes

Levels and vault maps discovered:
D:1:      lightli_arrival_statuegarden, layout_basic, serial_shops, shop,
          minivault_25
D:2:      minmay_recursive_quarters, layout_basic, basic_altar, serial_shops,
          shop, uniq_crazy_yiuf_cottage, uniq_sigmund, uniq_robin

Skill      XL: |  1  2 |
---------------+-------+-----
Dodging        | 1 |  1.4
Armour         | 2 |  2.2
Fighting       | |  3.3
Axes           | |  3.4
Polearms       | |  0.4
Stealth        | |  0.6
Spellcasting   | |  0.4

Action                     || total
---------------------------++-------
  Melee: Hand axe          ||    53
         Dagger            ||    50
    Use: Potion            ||     4
   Stab: Sleeping          ||     1
 Armour: Leather armour    ||    45
         Skin              ||    38
  Dodge: Dodged            ||    47

Table legend: (Time is in decaauts)
 A = Elapsed time spent in this place.
 B = Non-inter-level travel time spent in this place.
 C = Inter-level travel time spent in this place.
 D = Time resting spent in this place.
 E = Time spent auto-exploring this place.
 F = Levels seen in this place.
 G = Mean time per level.
                   A        B        C        D        E       F      G
               +--------+--------+--------+--------+--------+-----+--------+
         Total |   1097 |   1067 |     30 |      0 |    896 |   2 |  548.5 |
       Dungeon |   1097 |   1067 |     30 |      0 |    896 |   2 |  548.5 |
               +--------+--------+--------+--------+--------+-----+--------+

Top non-repeatable levels by time:
     D:1: 758 daAuts
     D:2: 338 daAuts
